 Dungeon Crawl Stone Soup version 0.17.0-28-g6e173f8 (webtiles) character file.

4524 gorblad the Covert (level 10, -2/80 HPs)
             Began as a Vampire Assassin on Dec 3, 2015.
             Was an Elder of Dithmenos.
             Slain by a five-headed hydra (13 damage)
             ... on level 1 of the Lair of Beasts.
             The game lasted 00:33:05 (12635 turns).

gorblad the Covert (Vampire Assassin)              Turns: 12635, Time: 00:33:05

Health: -2/80      AC: 11    Str: 10    XL:     10   Next: 17%
Magic:  10/10      EV: 23    Int: 14    God:    Dithmenos [****..]
Gold:   578        SH:  9    Dex: 24    Spells: 0 memorised, 9 levels left

rFire  + . .     SeeInvis +     a - +6 dagger
rCold  + + .     Clarity  .     O - +1 ring mail "Dikkared" {rPois rC+ Regen+}
rNeg   + . .     SustAt   .     p - +0 buckler
rPois  +         Gourm    .     (no helmet)
rElec  +         Spirit   .     d - +2 cloak
rCorr  +         Warding  .     (no gloves)
rMut   .         Stasis   +     (no boots)
MR     +....                    q - amulet of stasis
Stlth  +++++++++.               n - ring of poison resistance
                                h - ring of stealth

@: agile, resistant, wreathed by umbra, somewhat resistant to hostile
enchantments, incredibly stealthy
A: fangs 3, large bone plates 1, see invisible, unbreathing, subdued magic 1
a: Bat Form, Shadow Step, Renounce Religion


You were on level 1 of the Lair of Beasts.
You worshipped Dithmenos.
Dithmenos was greatly pleased with you.
You were not thirsty.

You visited 2 branches of the dungeon, and saw 10 of its levels.
You also visited: Ossuary.

You collected 578 gold pieces.

Inventory:

Hand Weapons
 a - a +6 dagger (weapon)
 b - a +0 blowgun
Missiles
 e - 28 poisoned needles
 f - 2 curare-tipped needles
Armour
 d - a +2 cloak (worn)
 p - a +0 buckler (worn)
 O - the +1 ring mail "Dikkared" (worn) {rPois rC+ Regen+}
   (You found it on level 9 of the Dungeon)

   It protects you from cold.
   It protects you from poison.
   It increases your rate of regeneration.
Jewellery
 h - a ring of stealth (left hand)
 n - a ring of poison resistance (right hand)
 q - an amulet of stasis (around neck)
Wands
 x - a wand of confusion (22)
 J - a wand of polymorph (11)
Scrolls
 c - a scroll of fear
 k - a scroll of identify
 v - a scroll of magic mapping
 w - 2 scrolls of amnesia
 y - 2 scrolls of fog
 L - a scroll of remove curse
 P - a scroll of enchant armour
Potions
 g - 21 potions of blood
 i - 2 potions of resistance
 j - 2 potions of cure mutation {unknown}
 l - 2 potions of curing
 r - 4 potions of invisibility
 u - a potion of might {unknown}
 z - a potion of haste {unknown}
 A - 5 potions of mutation
 B - a potion of lignification {unknown}
 C - a potion of agility
 G - a potion of beneficial mutation {unknown}
 I - a potion of brilliance {unknown}
 M - a potion of magic {unknown}
Books
 F - a book of Frost

   Spells                             Type                      Level
   a - Freeze                         Ice                          1
   b - Throw Frost                    Conjuration/Ice              2
   c - Ozocubu's Armour               Charms/Ice                   3
   d - Throw Icicle                   Conjuration/Ice              4
   e - Summon Ice Beast               Ice/Summoning                4
   f - Condensation Shield            Ice                          4


   Skills:
 - Level 8.2 Fighting
 + Level 3.7 Short Blades
 - Level 1.5 Throwing
 - Level 9.0 Dodging
 - Level 9.1 Stealth
 - Level 6.3 Shields


You had 9 spell levels left.
You didn't know any spells.

Dungeon Overview and Level Annotations

Branches:
Dungeon (9/15)             Temple (0/1) D:6            Lair (1/8) D:9
    Orc: D:9-12

Altars:
Ashenzari
Dithmenos
Fedhas
Makhleb
Nemelex Xobeh
Xom
Yredelemnul
The Shining One
Beogh

Shops:
D:6 !   D:7 *   D:8 *


Innate Abilities, Weirdness & Mutations

You have razor-sharp teeth.
You have supernaturally acute eyesight.
You can survive without breathing.
You are partially covered in large bone plates (AC +2, SH +2).
Your spells are a little easier to cast, but a little less powerful.


Message History

The five-headed hydra bites you.
* * * LOW HITPOINT WARNING * * *
Drink which item? (? for menu, Esc to quit)
You feel better. The five-headed hydra bites you!
* * * LOW HITPOINT WARNING * * *
The five-headed hydra bites you but does no damage.
You block the five-headed hydra's attack.
The five-headed hydra barely misses you.
You block the five-headed hydra's attack.
Unknown command.
You hit the five-headed hydra.
The five-headed hydra is moderately wounded.
The five-headed hydra completely misses you.
You block the five-headed hydra's attack. x2
The five-headed hydra completely misses you. x2
You hit the five-headed hydra.
The five-headed hydra is moderately wounded.
The five-headed hydra barely misses you.
The five-headed hydra bites you!
You die...

...+........##PP#.#..........#
#.##......##########.####.#.##
#########P# #.## ##### ### #
#.. .#..+#### ## #........ .#
### ####### #........
P###.#####.##P.###........
................@D........
#P#..#.#.######.##........
########## ###P........
##........ #........ ##.######
##


You could see a five-headed hydra.

Vanquished Creatures
  A hill giant (D:5)
  Sigmund (D:4)
  Edmund (D:5)
  An orc warrior (D:9)
  2 ice beasts
  2 phantoms
  A water moccasin (D:7)
  A necrophage (D:9)
  8 ogres
  A crocodile (Lair:1)
  Blork the orc (D:5)
  5 giant frogs
  2 scorpions
  5 killer bees (D:9)
  3 crimson imps
  6 hounds
  2 jellies
  3 giant frog skeletons
  3 orc priests
  2 centaur skeletons
  A giant frog zombie (D:5)
  5 orc wizards
  5 worker ants
  6 iguanas
  3 big kobold zombies (Ossuary)
  5 mummies (Ossuary)
  A hound zombie (D:7)
  A worker ant zombie (D:6)
  11 adders
  3 gnolls (D:3)
  A shadow imp (D:9)
  2 oozes (D:4)
  A worm (D:3)
  11 giant geckos
  56 orcs
  9 bats
  5 giant cockroaches
  2 gnoll zombies (Ossuary)
  6 goblins
  7 hobgoblins
  9 kobolds
  7 quokkas
  3 ball pythons
  A giant gecko skeleton (D:4)
  8 giant newts
  A hobgoblin zombie (Ossuary)
  14 jackals
  A jackal skeleton (D:7)
  A kobold zombie (Ossuary)
  An orc zombie (Ossuary)
  A quokka skeleton (D:5)
  3 rats
  A spectral orc (D:3)
243 creatures vanquished.

Notes
Turn   | Place    | Note
--------------------------------------------------------------
     0 | D:1      | gorblad the Vampire Assassin began the quest for the Orb.
     0 | D:1      | Reached XP level 1. HP: 16/16 MP: 1/1
   174 | D:1      | Reached skill level 6 in Stealth
   261 | D:1      | Reached XP level 2. HP: 20/22 MP: 2/2
   531 | D:1      | Reached skill level 7 in Stealth
   658 | D:1      | Reached XP level 3. HP: 9/27 MP: 3/3
  1219 | D:2      | Found a shadowy altar of Dithmenos.
  1247 | D:2      | Reached skill level 8 in Stealth
  1258 | D:2      | Became a worshipper of Dithmenos the Shadowed
  1583 | D:2      | Found a shattered altar of Ashenzari.
  1639 | D:2      | Found a faded altar to an unknown god.
  1662 | D:2      | Reached XP level 4. HP: 25/33 MP: 4/4
  2440 | D:3      | Reached skill level 9 in Stealth
  2557 | D:3      | Reached * piety under Dithmenos
  2557 | D:3      | Reached skill level 1 in Shields
  2565 | D:3      | Found a sparkling altar of Nemelex Xobeh.
  2645 | D:3      | Reached XP level 5. HP: 16/38 MP: 5/5
  3301 | D:3      | Found a basalt altar of Yredelemnul.
  4001 | D:4      | Reached XP level 6. HP: 44/44 MP: 6/6
  4303 | D:4      | Noticed Sigmund
  4323 | D:4      | Killed Sigmund
  4323 | D:4      | Reached skill level 5 in Shields
  4569 | D:4      | Noticed an ogre
  4571 | D:4      | Killed an ogre
  4571 | D:4      | Reached XP level 7. HP: 49/49 MP: 7/7
  4645 | D:4      | Found a burning altar of Makhleb.
  4646 | D:4      | Found a shimmering altar of Xom.
  4713 | D:4      | Reached ** piety under Dithmenos
  5188 | D:5      | Entered Level 5 of the Dungeon
  5675 | D:5      | Noticed a hill giant
  5684 | D:5      | HP: 2/49 [hill giant/giant spiked club (20)]
  6071 | D:6      | Reached XP level 8. HP: 49/55 MP: 8/8
  6079 | D:6      | Found Utamm's Distillery.
  6093 | D:6      | Reached skill level 5 in Dodging
  7207 | D:6      | Found a staircase to the Ecumenical Temple.
  7720 | D:5      | Killed a hill giant
  8111 | D:5      | Reached XP level 9. HP: 26/61 MP: 9/9
  8759 | D:5      | Noticed Edmund
  8800 | D:5      | Killed Edmund
  8839 | D:5      | Noticed Blork the orc
  8846 | D:5      | Killed Blork the orc
  9160 | D:7      | Found Buiro Ruc's General Store.
  9269 | D:7      | Reached skill level 5 in Fighting
  9444 | D:7      | Found a glowing golden altar of the Shining One.
  9745 | D:8      | Reached *** piety under Dithmenos
  9758 | D:8      | Noticed a centaur skeleton
  9767 | D:8      | Killed a centaur skeleton
  9795 | D:8      | Found a sand-covered staircase.
  9800 | Ossuary  | Entered an ossuary
 10722 | D:8      | Found Atyrishri's Assorted Antiques.
 10890 | D:8      | Found a blossoming altar of Fedhas.
 11064 | D:9      | Found a staircase to the Lair.
 11098 | D:9      | Found a roughly hewn altar of Beogh.
 11171 | D:9      | Reached **** piety under Dithmenos
 11183 | D:9      | Reached XP level 10. HP: 50/80 MP: 10/10
 12135 | D:9      | Got a scorched ring mail
 12136 | D:9      | Identified the cursed +1 ring mail "Dikkared" {rPois rC+ Regen+} (You found it on level 9 of the Dungeon)
 12158 | Lair:1   | Entered Level 1 of the Lair of Beasts
 12616 | Lair:1   | Noticed a five-headed hydra
 12623 | Lair:1   | Gained mutation: Your spells are a little easier to cast, but a little less powerful. [potion of mutation]
 12623 | Lair:1   | Gained mutation: You are partially covered in large bone plates (AC +2, SH +2). [potion of mutation]
 12635 | Lair:1   | Slain by a five-headed hydra

Action                   |  1- 3 |  4- 6 |  7- 9 | 10-12 || total
-------------------------+-------+-------+-------+-------++-------
Melee: Dagger            |   135 |   182 |   519 |   125 ||   961
  Use: Potion            |     2 |     8 |    14 |    11 ||    35
       Scroll            |     2 |     7 |     9 |     8 ||    26
 Stab: Sleeping          |    11 |    23 |    30 |     4 ||    68
       Distracted        |     2 |       |     7 |       ||     9
  Eat: Corpse            |       |       |     4 |       ||     4
